 Dungeon Crawl Stone Soup version 0.18-a0-1542-g9c1a92e (console) character file.

81 Liam the Conjurer (level 4, -2/24 HPs)
             Began as a Deep Elf Conjurer on Mar 10, 2016.
             Slain by Natasha (6 damage)
             ... on level 2 of the Dungeon.
             The game lasted 00:01:56 (1125 turns).

Liam the Conjurer (Deep Elf Conjurer)               Turns: 1125, Time: 00:01:56

Health: -2/24      AC:  2    Str:  5    XL:     4   Next: 19%
Magic:  8/12       EV: 13    Int: 24    God:
Gold:   38         SH:  0    Dex: 15    Spells: 1 memorised, 11 levels left

rFire  . . .     SeeInvis .     (no weapon)
rCold  . . .     Gourm    .     a - +0 robe
rNeg   . . .     Faith    .     (no shield)
rPois  .         Spirit   .     (no helmet)
rElec  .         Dismiss  .     (no cloak)
rCorr  .         Reflect  .     (no gloves)
SustAt .         Harm     .     (no boots)
MR     .....                    e - amulet of regeneration
Stlth  +.........               h - +3 ring of intelligence
                                d - ring of loudness (curse)

@: slowed, very slow, not resistant to hostile enchantments, very unstealthy
A: no striking features
a: no special abilities


You were on level 2 of the Dungeon.
You were hungry.

You visited 1 branch of the dungeon, and saw 2 of its levels.

You collected 38 gold pieces.

Inventory:

Armour
 a - a +0 robe (worn)
Jewellery
 d - a cursed ring of loudness (left hand)
 e - an amulet of regeneration (around neck)
 h - a +3 ring of intelligence (right hand)
Wands
 n - a wand of polymorph (16/24)
Scrolls
 i - a scroll of blinking {unknown}
 j - 3 scrolls of teleportation {unknown}
 k - 2 scrolls of noise {unknown}
 m - a scroll of enchant weapon {unknown}
Potions
 g - a potion of cure mutation {unknown}
Books
 b - a book of Conjurations

   Spells                             Type                      Level
   a - Magic Dart                     Conjuration                  1
   b - Searing Ray                    Conjuration                  2
   c - Dazzling Spray                 Conjuration/Hexes            3
   d - Fulminant Prism                Conjuration/Hexes            4
   e - Iskenderun's Mystic Blast      Conjuration                  4
   f - Iskenderun's Battlesphere      Conjuration/Charms           5
Comestibles
 c - 3 bread rations
 f - 2 fruits
 l - a beef jerky


   Skills:
 - Level 2.4 Dodging
 - Level 2.4 Stealth
 + Level 4.9 Spellcasting
 + Level 5.3 Conjurations


You had 11 spell levels left.
You knew the following spells:

 Your Spells              Type           Power        Failure   Level  Hunger
a - Magic Dart            Conj           ####         1%          1    None


Dungeon Overview and Level Annotations

Branches:
Dungeon (2/15)

Altars:
The Shining One

Annotations:
D:2 Natasha


Message History

Something claws you.
Casting: Magic Dart
Confirm with . or Enter, or press ? or * to list all spells.
Aiming: Magic Dart
Press: ? - help, Shift-Dir - straight line The magic dart hits something.
Something claws you.
Casting: Magic Dart
Confirm with . or Enter, or press ? or * to list all spells.
Aiming: Magic Dart
Press: ? - help, Shift-Dir - straight line The magic dart hits something.
Something claws you!
* * * LOW HITPOINT WARNING * * *
You hear a zap.
Something tries to affect you, but you resist.
Casting: Magic Dart
Confirm with . or Enter, or press ? or * to list all spells.
Aiming: Magic Dart
Press: ? - help, Shift-Dir - straight line The magic dart hits something.
Something claws you.
You die...

######### ##.####.......#
.......†......# ## #.####.#####.#
#. ####### #[####.#####.#####.
....... #...............##.
#...... ######.#.###.##÷##.
#......#######.#.###.##.##.
..........@................
#.############÷#.###.#..##.
....... ............#.#..##.
......#.############.#.#.#.#..##.
....................##.......##..
...................##..♣...♣..##.
#..#...###.#.######...........#.
#.................#.....♣.....#.
#..#...###.#.######..>.....>..#.


There were no monsters in sight!

Vanquished Creatures
  Natasha (D:2)
  An adder (D:2)
  An ooze (D:1)
  2 worms (D:2)
  2 dart slugs (D:2)
  A giant gecko (D:2)
  2 giant cockroaches (D:1)
  7 goblins
  2 hobgoblins (D:2)
  A quokka (D:2)
  4 bats
  4 giant newts (D:1)
  A kobold (D:1)
  7 rats
36 creatures vanquished.

Notes
Turn   | Place    | Note
--------------------------------------------------------------
     0 | D:1      | Liam the Deep Elf Conjurer began the quest for the Orb.
     0 | D:1      | Reached XP level 1. HP: 10/10 MP: 6/6
   215 | D:1      | Reached XP level 2. HP: 15/15 MP: 4/8
   510 | D:2      | Noticed Natasha
   623 | D:2      | Reached XP level 3. HP: 19/19 MP: 3/10
   750 | D:2      | Found a glowing golden altar of the Shining One.
   777 | D:2      | Reached skill level 5 in Conjurations
   956 | D:2      | Killed Natasha
   956 | D:2      | Reached XP level 4. HP: 22/24 MP: 2/12
  1114 | D:2      | Noticed Natasha
  1125 | D:2      | Slain by Natasha

Vault maps used:
D:1:      minmay_arrival_radiant_lines, hex_medium, minivault_26,
          serial_bayou_ford_a
D:2:      nicolae_tso_carved_into_rock, grunt_ministairs_10, uniq_terence,
          uniq_natasha

Skill      XL: |  1  2  3 |
---------------+----------+-----
Spellcasting   | 4 |  4.9
Conjurations   | 5 |  5.3
Dodging        | |  2.4
Stealth        | |  2.4

Action                   |  1- 3 |  4- 6 || total
-------------------------+-------+-------++-------
 Cast: Magic Dart        |    69 |    10 ||    79
